 Dungeon Crawl Stone Soup version 0.31-a0-190-g4feb4907b2 (webtiles) character file.

Game seed: 10925588801847510987

185 qw the Skirmisher (level 5, -1/29 HPs)
             Began as a Deep Elf Hunter on June 23, 2023.
             Slain by an orc wizard
             ... wielding a +0 dagger
              (2 damage)
             ... on level 3 of the Dungeon.
             The game lasted 00:00:46 (2044 turns).

qw the Skirmisher (Deep Elf Hunter)                 Turns: 2044, Time: 00:00:47

Health: -1/29      AC:  6    Str: 10    XL:     5   Next: 37%
Magic:  7/7        EV: 11    Int: 14    God:
Gold:   77         SH:  0    Dex: 18    Spells: 4/4 levels left

rFire   . . .        Y - +0 shortbow
rCold   . . .        (shield currently unavailable)
rNeg    . . .        h - +0 ring mail
rPois   .            (no helmet)
rElec   .            (no cloak)
rCorr   +            f - +0 pair of gloves
SInv    .            (no boots)
Will    .....        (no amulet)
Stlth   +            d - ring of resist corrosion
HPRegen 0.24/turn    (no ring)
MPRegen 0.10/turn

%: no passive effects
@: no status effects
A: no striking features
a: no special abilities


You were on level 3 of the Dungeon.
You visited 1 branch of the dungeon, and saw 3 of its levels.

You collected 150 gold pieces.
You spent 73 gold pieces at shops.


   Skills:
 - Level 1.5 Fighting
 + Level 8.9 Ranged Weapons
 - Level 2.4 Dodging
 - Level 1.2 Stealth


You had 4 spell levels left.
You didn't know any spells.
Your spell library was empty.

Inventory:

Hand Weapons
 Y - a +0 shortbow (weapon)
Armour
 f - a +0 pair of gloves (worn)
 h - a +0 ring mail (worn)
Jewellery
 d - a ring of resist corrosion (left hand)
Potions
 a - a potion of magic {unknown}
 b - a potion of berserk rage {unknown}
 c - a potion of brilliance {unknown}
 e - a potion of enlightenment {unknown}
 g - a potion of degeneration {unknown}

Dungeon Overview and Level Annotations

Branches:
Dungeon (3/15)

Altars:

Shops:
D:2 !!![


Message History

The orc hits you with a +1 hand axe of flaming.
The orc burns you.
The orc wizard gestures wildly while chanting.
The orc wizard flickers and vanishes!
The orc barely misses you. Something hits you but does no damage.
The orc barely misses you. Something hits you but does no damage.
The orc closely misses you.
You hear some strange, mumbled words.
A magic dart appears from out of thin air!
The magic dart hits you. The orc completely misses you.
Something hits you but does no damage. The orc barely misses you.
Something hits you. The orc closely misses you.
You feel less confused. Something hits you but does no damage.
The orc hits you but does no damage.
You shoot an arrow. The arrow hits the orc!
You kill the orc!
Something hits you.
You shoot an arrow.
Something hits you but does no damage. x2
You shoot an arrow. Something hits you. Something hits you but does no damage.
You shoot an arrow. Something hits you but does no damage.
You hear some strange, mumbled words.
A magic dart appears from out of thin air!
The magic dart hits you.
You shoot an arrow.
Something hits you but does no damage. x2; Something completely misses you.
Something hits you but does no damage.
You shoot an arrow.
Something hits you but does no damage. x2
You shoot an arrow.
Reactivating autopickup.
You feel a bit more experienced. Something hits you.
Deactivating autopickup; reactivate with Ctrl-A.
You shoot an arrow. Something hits you.
You shoot an arrow. Something hits you.
You die...

#.. #.# ##.# #..#
#.## ### #.# # #.#
#.# #.##.#####.# #.#
......){##.########.#
# #@##.......<..#
#[##.##.##########
#.......# ####.##.#
#....# ######


There were no monsters in sight!

Vanquished Creatures
  2 orc wizards (D:3)
  6 adders
  An ufetubus (D:3)
  2 dart slugs (D:2)
  5 orcs (D:3)
  7 ball pythons
  7 endoplasms
  2 giant cockroaches (D:1)
  4 goblins
  4 hobgoblins
  5 jackals
  7 kobolds
  3 quokkas
  5 bats
  A frilled lizard (D:3)
  3 rats
64 creatures vanquished.

Notes
Turn   | Place    | Note
-------+----------+-------------------------------------------
     0 | D:1      | qw the Deep Elf Hunter began the quest for the Orb.
     0 | D:1      | Reached XP level 1. HP: 12/12 MP: 3/3
     0 | D:1      | 0 ||| qw: Version: 0.3-a-9-g12657ce
     0 | D:1      | 0 ||| qw: Game counter: 4488
     0 | D:1      | 0 ||| qw: Always use a shield: true
     0 | D:1      | 0 ||| qw: God list: Okawaru
     0 | D:1      | 0 ||| qw: Allow faded altars: false
     0 | D:1      | 0 ||| qw: Do Orc after D:15 true
     0 | D:1      | 0 ||| qw: Do second Lair branch before Depths: true
     0 | D:1      | 0 ||| qw: Lair rune preference: random
     0 | D:1      | 0 ||| qw: Plans: Normal
     0 | D:1      | 0 ||| PLANNING D:1-11
    77 | D:1      | Reached XP level 2. HP: 16/16 MP: 4/4
    91 | D:1      | Reached skill level 6 in Ranged Weapons
   329 | D:1      | Reached XP level 3. HP: 20/20 MP: 5/5
   424 | D:1      | 424 ||| UPGRADING to +0 pair of gloves.
   429 | D:1      | 429 ||| UPGRADING to ring of resist corrosion.
   430 | D:1      | 430 ||| READING scroll labelled FIL JAHEFESHRIU.
   435 | D:1      | 435 ||| DROPPING scroll of butterflies.
   521 | D:2      | Reached skill level 7 in Ranged Weapons
   622 | D:2      | Found Sufim's Armour Emporium.
   628 | D:2      | 628 ||| BUYING +0 ring mail (40 gold).
   628 | D:2      | Bought a +0 ring mail for 40 gold pieces
   628 | D:2      | 628 ||| SHOPLISTING +1 scale mail of Vehumet's Approval
                  | {Slay+2} (244 gold, have 33).
   628 | D:2      | 628 ||| SHOPLISTING +2 robe of fire resistance (177 gold,
                  | have 33).
   661 | D:2      | Found Hohedae's Distillery.
   668 | D:2      | 668 ||| BUYING potion of curing (33 gold).
   668 | D:2      | Bought a potion of curing for 33 gold pieces
   668 | D:2      | 668 ||| SHOPLISTING potion of curing (33 gold, have 0).
   668 | D:2      | 668 ||| SHOPLISTING potion of haste (110 gold, have 0).
   668 | D:2      | 668 ||| SHOPLISTING potion of heal wounds (55 gold, have
                  | 0).
   670 | D:2      | Found Otoa's Distillery.
   677 | D:2      | 677 ||| SHOPLISTING potion of heal wounds (60 gold, have
                  | 0).
   677 | D:2      | 677 ||| SHOPLISTING potion of resistance (120 gold, have
                  | 0).
   807 | D:2      | Found Kahufirph's Distillery.
   817 | D:2      | 817 ||| SHOPLISTING potion of cancellation (80 gold, have
                  | 29).
   817 | D:2      | 817 ||| SHOPLISTING potion of curing (30 gold, have 29).
   817 | D:2      | 817 ||| SHOPLISTING potion of might (40 gold, have 29).
   817 | D:2      | 817 ||| SHOPLISTING potion of mutation (80 gold, have 29).
  1093 | D:2      | Found a faded altar of an unknown god.
  1123 | D:2      | 1123 ||| UPGRADING to +0 ring mail.
  1133 | D:2      | 1133 ||| DROPPING +0 leather armour.
  1134 | D:2      | 1134 ||| READING scroll labelled DEEGIYRH YBIY.
  1171 | D:3      | 1171 ||| PLANNING SEWER
  1226 | D:3      | Reached XP level 4. HP: 25/25 MP: 6/6
  1251 | D:3      | 1251 ||| DRINKING potion of curing.
  1251 | D:3      | 1251 ||| (to cure confusion)
  1309 | D:3      | Reached skill level 8 in Ranged Weapons
  1485 | D:3      | Reached XP level 5. HP: 29/29 MP: 7/7
  1566 | D:3      | HP: 7/29 [poisoned by an adder]
  1571 | D:3      | HP: 3/29 [poisoned by an adder]
  1826 | D:3      | 1826 ||| RIP SEWER
  1924 | D:3      | 1924 ||| PLANNING D:1-11
  2036 | D:3      | HP: 7/29 [something (4)]
  2039 | D:3      | HP: 3/29 [something/magic dart (4)]
  2043 | D:3      | HP: 1/29 [something (1)]
  2044 | D:3      | Slain by an orc wizard

Levels and vault maps discovered:
D:1:      erik_arrival_orb_chamber, layout_rooms
D:2:      layout_basic, shapermc_ecumenical_altar_mp_highgroup, serial_shops,
          nicolae_shop_trees, nicolae_shop_industrial_runoff,
          nicolae_shop_waterfront, nicolae_shop_industrial_runoff
D:3:      minmay_skewed_foursquare, layout_loops_cross,
          nicolae_tso_swordbearing_angel, gup_sewer_entry_bubbles

Skill      XL: |  1  2  3  4 |
---------------+-------------+-----
Ranged Weapons | 6 7 8 |  8.9
Fighting       | |  1.5
Dodging        | |  2.4
Stealth        | |  1.2

Action                     |  1- 3 |  4- 6 || total
---------------------------+-------+-------++-------
   Fire: Shortbow          |   100 |    81 ||   181
    Use: Scroll            |     2 |       ||     2
         Potion            |       |     1 ||     1
 Armour: Leather armour    |     8 |       ||     8
         Ring mail         |     6 |    35 ||    41
  Dodge: Dodged            |    26 |    34 ||    60

Table legend:
 A = Non-vault XP
 B = Vault XP
 C = Vault XP percentage of total XP
 D = Non-vault monster count
 E = Vault monster count
 F = Vault count percentage of total count
                 A         B        C        D         E       F
            +---------+---------+-------+---------+---------+-------
      Total |     245 |      20 |   7.5 |      58 |       6 |   9.4
            +---------+---------+-------+---------+---------+-------
        D:1 |      42 |       0 |   0.0 |      23 |       0 |   0.0
        D:2 |      45 |       0 |   0.0 |      16 |       0 |   0.0
        D:3 |     158 |      20 |  11.2 |      19 |       6 |  24.0
            +---------+---------+-------+---------+---------+-------
